 Dungeon Crawl Stone Soup version 0.31.0-1-g2c135a008e (webtiles) character file.

Game seed: 7116875500681556940

515 qw the Shooter (level 7, -14/54 HPs)
             Began as a Djinni Hunter on Jan 23, 2024.
             Was an Initiate of Okawaru.
             Demolished by an orc warrior
             ... wielding a +2 scimitar of holy wrath
              (16 damage)
             ... on level 5 of the Dungeon.
             The game lasted 00:00:10 (2889 turns).

qw the Shooter (Djinni Hunter)                      Turns: 2889, Time: 00:00:11

Health: -14/54     AC:  4    Str: 10    XL:     7   Next: 44%
Gold:   244        EV: 18    Int:  7    God:    Okawaru [......] SH:  0 Dex: 19

rFire   + + +        n - +0 arbalest
rCold   . . .        (shield currently unavailable)
rNeg    . . .        c - +0 leather armour
rPois   inf          l - +0 helmet "Bikucy" {Rampage rF++ Int-3}
rElec   .            (no cloak)
rCorr   .            (no gloves)
SInv    .            (boots unavailable)
Will    .....        (no amulet)
Stlth   ++           m - +5 ring of evasion
HPRegen 0.29/turn    f - ring of protection from cold
MPRegen 0.00/turn

%: rampage, infuse magic (-15 HP)
@: about to teleport, flying
A: sickness immunity, fire resistance 2, cold vulnerability 1, float, innate
caster, HP casting, extra vitality 1
a: Renounce Religion


You were on level 5 of the Dungeon.
You worshipped Okawaru.
Okawaru was noncommittal.
You visited 2 branches of the dungeon, and saw 6 of its levels.

You collected 244 gold pieces.


Innate Abilities, Weirdness & Mutations

You are immune to sickness and miasma.
You are immune to poison.
Your flesh is very heat resistant. (rF++)
You are vulnerable to cold. (rC-)
You float through the air rather than walking.
You learn spells naturally, not from books.
Your magical power is your life essence.
You have superior vitality. (+4 MHP)


   Skills:
 - Level 5.0 Fighting
 - Level 5.3 Ranged Weapons
 - Level 1.0 Armour
 + Level 3.3 Dodging
 - Level 0.7 Stealth


You knew the following spells:

 Your Spells              Type           Power      Damage    Failure   Level
a - Kiss of Death         Conj/Necr      0%         2d5       54%         1
b - Call Imp              Summ           0%         N/A       67%         2
c - Vampiric Draining     Necr           0%         2d6       88%         3
Your spell library was empty.

Inventory:

Hand Weapons
 n - a +0 arbalest (weapon)
Armour
 c - a +0 leather armour (worn)
 l - the +0 helmet "Bikucy" (worn) {Rampage rF++ Int-3}
   (You found it on level 4 of the Dungeon)

   Int-3:     It affects your intelligence (-3).
   rF++:      It greatly protects you from fire.
   Rampage:   It bestows one free step when moving towards enemies.
Jewellery
 f - a ring of protection from cold (right hand)
 m - a +5 ring of evasion (left hand)
 Y - a ring of positive energy
Scrolls
 b - a scroll of teleportation
Potions
 a - a potion of haste {unknown}
 e - a potion of lignification {unknown}
 g - 2 potions of curing
 i - a potion of might
 j - 2 potions of enlightenment

Dungeon Overview and Level Annotations

Branches:
Dungeon (5/15)             Temple (1/1) D:4

Altars:
Dithmenos
Fedhas
Makhleb
Nemelex Xobeh
Okawaru
Ru
Trog
Uskayaw
Wu Jian
Xom
Yredelemnul
Zin
The Shining One


Message History

Your enlightenment fades.
HP restored.
Done exploring.
What level of the Dungeon? (default 5, ? - help)
You fly downwards.
The orc barely misses you.
There is a stone staircase leading up here.
An orc is nearby!
You shoot a bolt. The bolt closely misses the orc.
The orc barely misses you.
An orc warrior comes into view.
It is wielding a +2 scimitar of holy wrath.
The orc barely misses you.
2881 ||| STAIRDANCE The orc misses you.
You fly upwards.
There is a stone staircase leading down here.
You shoot a bolt. The bolt hits the orc!!
You kill the orc!
Okawaru accepts your kill.
Done exploring.
What level of the Dungeon? (default 5, ? - help)
You fly downwards.
The orc warrior hits you with a +2 scimitar of holy wrath!
The orc warrior barely misses you.
There is a stone staircase leading up here.
You shoot a bolt. The bolt hits the orc warrior.
The orc warrior is lightly wounded.
The orc warrior hits you with a +2 scimitar of holy wrath!
You shoot a bolt.
The bolt closely misses the orc warrior.
The orc warrior closely misses you.
The orc warrior hits you with a +2 scimitar of holy wrath!!
2888 ||| READING 2 scrolls of teleportation.
As you read the scroll of teleportation, it crumbles to dust.
You feel strangely unstable. The orc warrior misses you.
You shoot a bolt.
The bolt closely misses the orc warrior.
The orc warrior hits you with a +2 scimitar of holy wrath.
The orc warrior hits you with a +2 scimitar of holy wrath!
You die...

## #. #.
#.###
#### ...
....#
#o#.....#
#@..#
#.......#
......#.#
.#####.#
.. # ..
... ...


You could see an orc warrior.

Vanquished Creatures
  Sigmund (D:2)
  An ogre (D:4)
  A phantom (D:4)
  A howler monkey (D:4)
  A hound (D:4)
  An orc priest (D:4)
  5 adders
  A ribbon worm (D:3)
  A dart slug (D:1)
  3 orcs (D:4)
  2 endoplasms
  9 giant cockroaches
  3 goblins
  5 hobgoblins
  4 kobolds
  4 ball pythons (D:1)
  3 frilled lizards
46 creatures vanquished.

Notes
Turn   | Place    | Note
-------+----------+-------------------------------------------
     0 | D:1      | qw the Djinni Hunter began the quest for the Orb.
     0 | D:1      | Reached XP level 1. HP: 18/18 MP: 0/0
     0 | D:1      | 0 ||| qw: Version: 0.3-a-136-gdd3b4e8
     0 | D:1      | 0 ||| qw: Game counter: 1152
     0 | D:1      | 0 ||| qw: Melee chars always use a shield: true
     0 | D:1      | 0 ||| qw: God list: Okawaru
     0 | D:1      | 0 ||| qw: Allow faded altars: false
     0 | D:1      | 0 ||| qw: Do Orc after clearing Dungeon:15 true
     0 | D:1      | 0 ||| qw: Do second Lair branch before Depths: true
     0 | D:1      | 0 ||| qw: Lair rune preference: random
     0 | D:1      | 0 ||| qw: Goals: Normal
     0 | D:1      | 0 ||| PLANNING D:1-11
   136 | D:1      | Reached XP level 2. HP: 22/23 MP: 0/0
   385 | D:1      | Found a faded altar of an unknown god.
   626 | D:1      | 626 ||| UPGRADING to ring of positive energy.
   627 | D:1      | 627 ||| READING scroll labelled RUHIOKK VITOXZU.
   627 | D:1      | 627 ||| ENCHANTING +0 shortbow.
   628 | D:1      | 628 ||| READING scroll labelled SYMAXECITZ.
   629 | D:1      | 629 ||| READING scroll labelled TESUXO WUSORR.
   630 | D:1      | 630 ||| READING scroll labelled DADECS LIWOPS.
   631 | D:1      | 631 ||| READING scroll labelled JAIRUH ZADAPSE.
   631 | D:1      | 631 ||| BRANDING +1 shortbow.
   632 | D:1      | 632 ||| READING scroll labelled DOPHIZ NIMUASK.
   633 | D:1      | 633 ||| DROPPING scroll of butterflies.
   704 | D:2      | 704 ||| READING scroll of enchant weapon.
   704 | D:2      | 704 ||| ENCHANTING +1 shortbow of freezing.
   710 | D:2      | Reached XP level 3. HP: 28/28 MP: 0/0
   710 | D:2      | Learned a level 1 spell: Kiss of Death
   943 | D:2      | Noticed Sigmund
   950 | D:2      | Killed Sigmund
   951 | D:2      | Reached XP level 4. HP: 35/39 MP: 0/0
   951 | D:2      | Reached XP level 5. HP: 39/43 MP: 0/0
   951 | D:2      | Learned a level 2 spell: Call Imp
   951 | D:2      | Reached XP level 6. HP: 44/49 MP: 0/0
   984 | D:2      | 984 ||| FLEEEEING.
   985 | D:2      | 985 ||| FLEEEEING.
   986 | D:2      | 986 ||| FLEEEEING.
   987 | D:2      | 987 ||| FLEEEEING.
   988 | D:2      | 988 ||| FLEEEEING.
   989 | D:2      | 989 ||| FLEEEEING.
   990 | D:2      | 990 ||| FLEEEEING.
   991 | D:2      | 991 ||| FLEEEEING.
   993 | D:2      | 993 ||| FLEEEEING.
   994 | D:2      | 994 ||| FLEEEEING.
   995 | D:2      | 995 ||| FLEEEEING.
  1321 | D:2      | 1321 ||| UPGRADING to +0 helmet.
  1326 | D:2      | 1326 ||| READING 2 scrolls labelled LUUTRO VOJAETWA.
  1331 | D:2      | 1331 ||| READING scroll labelled CEELLI QELASO.
  1332 | D:2      | 1332 ||| READING scroll labelled WAEXIA ZEBEU.
  1332 | D:2      | 1332 ||| IDENTIFYING pink potion
  1333 | D:2      | 1333 ||| DRINKING 2 murky silvery potions.
  1334 | D:2      | 1334 ||| DROPPING potion of berserk rage.
  1804 | D:3      | Found a hide-covered altar of Uskayaw.
  1823 | D:3      | Found a bloodstained altar of Trog.
  2063 | D:3      | Found a glowing silver altar of Zin.
  2148 | D:3      | 2148 ||| UPGRADING to ring of protection from cold.
  2149 | D:3      | 2149 ||| READING scroll of identify.
  2149 | D:3      | 2149 ||| IDENTIFYING clear potion
  2208 | D:4      | Noticed an ogre
  2213 | D:4      | Reached skill level 3 in Dodging
  2215 | D:4      | Killed an ogre
  2279 | D:4      | 2279 ||| FLEEEEING.
  2280 | D:4      | 2280 ||| FLEEEEING.
  2309 | D:4      | Reached XP level 7. HP: 53/54 MP: 0/0
  2309 | D:4      | Learned a level 3 spell: Vampiric Draining
  2312 | D:4      | Found a staircase to the Ecumenical Temple.
  2314 | D:4      | 2314 ||| PLANNING TEMPLE
  2321 | Temple   | Entered the Ecumenical Temple
  2322 | Temple   | 2322 ||| PLANNING OKAWARU WORSHIP
  2342 | Temple   | Became a worshipper of Warmaster Okawaru
  2343 | Temple   | 2343 ||| PLANNING D:1-11
  2427 | D:4      | Identified the +0 helmet "Bikucy" {Rampage rF++ Int-3}
  2652 | D:4      | Found a burning altar of Makhleb.
  2654 | D:4      | Noticed a green death
  2705 | D:4      | Found an ornate altar of the Wu Jian Council.
  2707 | D:4      | 2707 ||| SWAPPING to +0 arbalest.
  2708 | D:4      | 2708 ||| DROPPING +2 shortbow of freezing.
  2836 | D:4      | 2836 ||| UPGRADING to +0 helmet "Bikucy" {Rampage rF++
                  | Int-3}.
  2846 | D:4      | 2846 ||| DROPPING +0 helmet.
  2847 | D:4      | 2847 ||| UPGRADING to +5 ring of evasion.
  2849 | D:4      | 2849 ||| READING scroll labelled QARIYL PIETENN.
  2850 | D:4      | 2850 ||| READING scroll labelled NOSAKI REGIOL.
  2851 | D:4      | 2851 ||| DRINKING 3 dark potions.
  2859 | D:5      | Entered Level 5 of the Dungeon
  2862 | D:5      | 2862 ||| STAIRDANCE
  2866 | D:4      | Reached skill level 1 in Armour
  2881 | D:5      | 2881 ||| STAIRDANCE
  2887 | D:5      | HP: 7/54 [orc warrior/+2 scimitar of holy wrath (22)]
  2888 | D:5      | 2888 ||| READING 2 scrolls of teleportation.
  2889 | D:5      | HP: 2/54 [orc warrior/+2 scimitar of holy wrath (5)]
  2889 | D:5      | Demolished by an orc warrior

Levels and vault maps discovered:
D:1:      roadster_arrival_rocket_large, layout_rooms,
          dilly_ecumenical_altar_fadedgnrine, solitary_fountain,
          amcnicky_mini_rare_corridor_liquid
D:2:      layout_loops_cross, minmay_worlds_worst_comb, uniq_sigmund
D:3:      layout_basic, mainiacjoe_overflow_small_starburst, zin_statuary,
          mainiacjoe_overflow_alcove_2
D:4:      layout_rooms, makhleb_altar_promises_db, mainiacjoe_overflow_swirl,
          minmay_temple_entry_sparse_star
D:5:      layout_basic, lemuel_round_altar, beargit_hepliaklqana_dungeon_heroes,
          uniq_eustachio, uniq_duvessa
Temple:   nicolae_temple_bog_church

Skill      XL: |  1  2  3  4  5  6  7 |
---------------+----------------------+-----
Ranged Weapons | 4 5 |  5.3
Fighting       | 5 |  5.0
Dodging        | 3 |  3.3
Armour         | 1 |  1.0
Stealth        | |  0.7

Action                     |  1- 3 |  4- 6 |  7- 9 || total
---------------------------+-------+-------+-------++-------
   Fire: Shortbow          |    60 |    47 |    29 ||   136
         Arbalest          |       |       |     9 ||     9
    Use: Scroll            |     7 |     4 |     3 ||    14
         Potion            |       |     1 |     1 ||     2
 Armour: Leather armour    |    10 |    14 |    15 ||    39
  Dodge: Dodged            |    12 |    10 |    16 ||    38

Table legend:
 A = Non-vault XP
 B = Vault XP
 C = Vault XP percentage of total XP
 D = Non-vault monster count
 E = Vault monster count
 F = Vault count percentage of total count
                 A         B        C        D         E       F
            +---------+---------+-------+---------+---------+-------
      Total |     477 |     259 |  35.2 |      41 |       5 |  10.9
            +---------+---------+-------+---------+---------+-------
        D:1 |      26 |       0 |   0.0 |      14 |       0 |   0.0
        D:2 |      20 |     259 |  92.8 |       5 |       5 |  50.0
        D:3 |      12 |       0 |   0.0 |       5 |       0 |   0.0
        D:4 |     419 |       0 |   0.0 |      17 |       0 |   0.0
            +---------+---------+-------+---------+---------+-------
